 Dungeon Crawl Stone Soup version 0.29.1-13-g9f3cf754e1 (webtiles) character file.

Game seed: 1163150304088937992

59 Descartes the Ducker (level 3, 0/17 HPs)
             Began as a Felid Monk on Jan 29, 2023.
             Killed from afar by a dart slug (2 damage)
             ... with a slug dart
             ... on level 1 of the Dungeon.
             The game lasted 00:01:29 (2011 turns).

Descartes the Ducker (Felid Monk)                   Turns: 2011, Time: 00:01:29

Health: 0/17       AC:  1    Str:  9    XL:     3   Next: 78%
Magic:  4/4        EV: 19    Int: 11    God:
Gold:   66         SH:  0    Dex: 18    Spells: 2/2 levels left
                                        Lives:  0   Deaths: 0

rFire   . . .      SeeInvis +     - Unarmed
rCold   . . .      Faith    .   (shield unavailable)
rNeg    . . .      Spirit   .   (body armour unavailable)
rPois   .          Reflect  .   (helmet unavailable)
rElec   .          Harm     .   (cloak unavailable)
rCorr   .          Rampage  .   (gloves unavailable)
Will    .....                   (boots unavailable)
Stlth   +++.......              (no amulet)
HPRegen 0.05/turn               (no ring)
MPRegen 0.09/turn               (no ring)

@: quick
A: very small, claws 1, fangs 3, see invisible, speed 1, shaggy fur 1, stealthy
paws, no weapons or thrown items, no armour, multi-lived
a: no special abilities


You were on level 1 of the Dungeon.
You visited 1 branch of the dungeon, and saw 2 of its levels.

You collected 66 gold pieces.

Inventory:

Scrolls
 d - a scroll of teleportation {unknown}
Potions
 a - a potion of ambrosia
 b - 2 potions of heal wounds {unknown}
 c - a potion of brilliance {unknown}


   Skills:
 + Level 3.5 Fighting
 + Level 4.7 Dodging
 + Level 3.7 Stealth
 + Level 3.5 Unarmed Combat


You had 2 spell levels left.
You didn't know any spells.
Your spell library was empty.

Dungeon Overview and Level Annotations

Branches:
Dungeon (2/15)

Altars:

Shops:
D:1 !


Innate Abilities, Weirdness & Mutations

You have sharp claws.
You have razor-sharp teeth.
You have supernaturally acute eyesight. (SInv)
You cover ground quickly. (Speed+)
You are covered in fur. (AC +1)
Your paws help you pounce on unaware monsters.
You are incapable of wielding weapons or throwing items.
You cannot wear armour.
You gain extra lives every three experience levels.


Message History

You are too injured to fight recklessly!
You are too injured to fight recklessly!
You are too injured to fight recklessly!
You are too injured to fight recklessly!
You are too injured to fight recklessly!
You are too injured to fight recklessly!
You are too injured to fight recklessly!
You are too injured to fight recklessly!
You are too injured to fight recklessly!
You are too injured to fight recklessly!
You are too injured to fight recklessly!
Unknown command.
You are too injured to fight recklessly!
The hobgoblin hits you.
* * * LOW HITPOINT WARNING * * *
The dart slug misses you. The goblin closely misses you.
You climb upwards.
There is a stone staircase leading down here.
You are too injured to fight recklessly!
You scratch the hobgoblin but do no damage.
The hobgoblin closely misses you. The dart slug closely misses you.
Unknown command.
You scratch the hobgoblin.
You kill the hobgoblin!
The dart slug launches a dart at you. The slug dart misses you.
There is a stone staircase leading down here.
You scratch the dart slug. Your bite misses the dart slug.
The dart slug is lightly wounded.
The dart slug bites you but does no damage.
You barely miss the dart slug.
The dart slug is lightly wounded.
The dart slug misses you.
You scratch the dart slug.
The dart slug is moderately wounded.
You scratch the dart slug.
The dart slug is moderately wounded.
The dart slug launches a dart at you. The slug dart hits you.
You die...

###......#####.# #.#
#.#..........#.# #.#
#.#####..#...#.# #.#
### '.# #........# #.#
##.## #.# #.......(#
#.# ##...## #.#
##.......# #.#
##.....### ###
#.#...### #.#
#.........
..######.#...#######.#
##.....###
..#...........gw@....#
##...##
########.##.##########
##.## #.##.### #.#
#.##...# #.# #.##.#.#
#.# #.##.#.# #.#
#.##.#.# #######.#
########....#.#
#....>..#
............#.#
#####.#######


You could see a dart slug and a goblin.

Vanquished Creatures
  A gnoll (D:1)
  An adder (D:2)
  A dart slug (D:1)
  4 ball pythons
  5 endoplasms (D:1)
  5 giant cockroaches
  4 goblins
  2 hobgoblins
  2 jackals (D:1)
  2 quokkas (D:1)
  2 bats (D:1)
  2 frilled lizards (D:1)
  A kobold (D:1)
  3 rats
35 creatures vanquished.

Vanquished Creatures (others)
  A plant (D:2)
1 creature vanquished.

Grand Total: 36 creatures vanquished

Notes
Turn   | Place    | Note
-------+----------+-------------------------------------------
     0 | D:1      | Descartes the Felid Monk began the quest for the Orb.
     0 | D:1      | Reached XP level 1. HP: 10/10 MP: 2/2
   302 | D:1      | Reached XP level 2. HP: 14/14 MP: 3/3
  1123 | D:1      | Reached XP level 3. HP: 17/17 MP: 4/4
  1155 | D:1      | Found Paol's Distillery.
  2011 | D:1      | Killed from afar by a dart slug

Illustrated notes

Levels and vault maps discovered:
D:1:      dpeg_arrival_court, layout_loops_ring, serial_shops, shop,
          minmay_misc_feat_hallway, kennysheep_flooded_box,
          hangedman_decor_peaks_small, minmay_quantized
D:2:      layout_rooms, serial_bayou, serial_bayou_shore_a, serial_bayou_pond_e,
          serial_bayou_lagoon_a, serial_bayou_pond_b

Skill      XL: |  1 |
---------------+----+-----
Stealth        | 3 |  3.7
Fighting       | |  3.5
Dodging        | |  4.7
Unarmed Combat | |  3.5

Action                   || total
-------------------------++-------
Melee: Unarmed           ||    89
       Bite              ||     8
       Punch             ||     1
 Stab: Sleeping          ||     6
Armor: Skin              ||     4
Dodge: Dodged            ||    90
